Workbook

Sheet Sheet1
A1: Article | B1: Désignation article
A2: 100153410 | B2: BONDE DE VIDAGE FORMA LAVABO-BIDET CHR | C2: =IF(COUNTIF('[1]SH 2020 - PVCLB - Pro'!$B:$B,A6)>0,1,"")
A3: 100153394 | B3: USA FLEXIBLE ALIMENTATION LOUNGE B.H. | C3: =IF(COUNTIF('[1]SH 2020 - PVCLB - Pro'!$B:$B,A7)>0,1,"")
A4: 100153388 | B4: MOUSSEUR M22X1 FORMA BIDET CHROME | C4: =IF(COUNTIF('[1]SH 2020 - PVCLB - Pro'!$B:$B,A8)>0,1,"")
A5: 100153386 | B5: MOUSSEUR M24X1 FORMA LAVABO BEC HAUT | C5: =IF(COUNTIF('[1]SH 2020 - PVCLB - Pro'!$B:$B,A9)>0,1,"")
A6: 100153423 | B6: POIGNÉE FORMA LAVABO BIDET BEC HAUT | C6: =IF(COUNTIF('[1]SH 2020 - PVCLB - Pro'!$B:$B,A10)>0,1,"")
A7: 100153446 | B7: FLEX ALIM 700 EAU FROIDE FORMA B.H. | C7: =IF(COUNTIF('[1]SH 2020 - PVCLB - Pro'!$B:$B,A11)>0,1,"")
A8: 100123831 | B8: ABATTANT WC NK PROGRAM SOFT CLOSE EU | C8: =IF(COUNTIF('[1]SH 2020 - PVCLB - Pro'!$B:$B,A12)>0,1,"")
A9: 100117422 | B9: ABATTANT. SC CITY SURELEVEE | C9: =IF(COUNTIF('[1]SH 2020 - PVCLB - Pro'!$B:$B,A13)>0,1,"")
A10: 100088961 | B10: ABBATANT CITY DESCENTE RETENUE | C10: =IF(COUNTIF('[1]SH 2020 - PVCLB - Pro'!$B:$B,A14)>0,1,"")
A11: 100144803 | B11: ABBATANT CUVETTE THERMODUR | C11: =IF(COUNTIF('[1]SH 2020 - PVCLB - Pro'!$B:$B,A15)>0,1,"")
A12: 100099846 | B12: ABBATTANT CUVETTE ESSENCE C DESCENTE RET | C12: =IF(COUNTIF('[1]SH 2020 - PVCLB - Pro'!$B:$B,A16)>0,1,"")
A13: 100166291 | B13: ABBEY WHITE GLOSS 33,3X59,2(A) | C13: =IF(COUNTIF('[1]SH 2020 - PVCLB - Pro'!$B:$B,A17)>0,1,"")
... A21277: 100226258 | B21277: NEWPORT NATURAL NATURE 59,6X59,6(A) | C21277: =IF(COUNTIF('[1]SH 2020 - PVCLB - Pro'!$B:$B,A21281)>0,1,"")
A21278: 100226303 | B21278: NEWPORT NATURAL NATURE 59,6X59,6(B) | C21278: =IF(COUNTIF('[1]SH 2020 - PVCLB - Pro'!$B:$B,#REF!)>0,1,"")
A21279: 100226277 | B21279: NEWPORT NATURAL NATURE 59,6X59,6(C) | C21279: =IF(COUNTIF('[1]SH 2020 - PVCLB - Pro'!$B:$B,#REF!)>0,1,"")
A21280: 100226266 | B21280: NEWPORT NATURAL NATURE 80X80(A) | C21280: =IF(COUNTIF('[1]SH 2020 - PVCLB - Pro'!$B:$B,#REF!)>0,1,"")
A21281: 100226304 | B21281: NEWPORT NATURAL NATURE 80X80(B) | C21281: =IF(COUNTIF('[1]SH 2020 - PVCLB - Pro'!$B:$B,#REF!)>0,1,"")

Sheet SH 2020 - PVCLB - Pro
B4: Code SAP | C4: Désignation | E4: Format | G4: UV | I4: PVP ht | J4: PV Pro ht
G5: m2 | H5: Pièce
A6: FAIENCES | B6: 100269469 | C6: JERSEY MIX | E6: 25X44,3 | G6: x | K6: =IF(COUNTIF(Sheet1!A:A,'SH 2020 - PVCLB - Pro'!B6)>0,1,"")
B7: 100272939 | C7: CHINA BLANCO | E7: 25X44,3 | G7: x | K7: =IF(COUNTIF(Sheet1!A:A,'SH 2020 - PVCLB - Pro'!B7)>0,1,"")
B8: 100272958 | C8: TECNOS BLANCO | E8: 25X44,3 | G8: x | K8: =IF(COUNTIF(Sheet1!A:A,'SH 2020 - PVCLB - Pro'!B8)>0,1,"")
B9: 100273285 | C9: MALAGA WHITE | E9: 25X44,3 | G9: x | K9: =IF(COUNTIF(Sheet1!A:A,'SH 2020 - PVCLB - Pro'!B9)>0,1,"")
B10: 100273301 | C10: MALAGA OCEAN | E10: 25X44,3 | G10: x | K10: =IF(COUNTIF(Sheet1!A:A,'SH 2020 - PVCLB - Pro'!B10)>0,1,"")
B11: 100273258 | C11: MALAGA ACERO | E11: 25X44,3 | G11: x | K11: =IF(COUNTIF(Sheet1!A:A,'SH 2020 - PVCLB - Pro'!B11)>0,1,"")
B12: 100273300 | C12: MALAGA AQUA | E12: 25X44,3 | G12: x | K12: =IF(COUNTIF(Sheet1!A:A,'SH 2020 - PVCLB - Pro'!B12)>0,1,"")
B13: 100273310 | C13: MALAGA BEIGE | E13: 25X44,3 | G13: x | K13: =IF(COUNTIF(Sheet1!A:A,'SH 2020 - PVCLB - Pro'!B13)>0,1,"")
B14: 100273286 | C14: RONDA AQUA | E14: 25X44,3 | G14: x | K14: =IF(COUNTIF(Sheet1!A:A,'SH 2020 - PVCLB - Pro'!B14)>0,1,"")
B15: 100273259 | C15: RONDA WHITE | E15: 25X44,3 | G15: x | K15: =IF(COUNTIF(Sheet1!A:A,'SH 2020 - PVCLB - Pro'!B15)>0,1,"")
B16: 100273264 | C16: RONDA MINT | E16: 25X44,3 | G16: x | K16: =IF(COUNTIF(Sheet1!A:A,'SH 2020 - PVCLB - Pro'!B16)>0,1,"")
B17: 100269420 | C17: PARK GRIS | E17: 25X44,3 | G17: x | K17: =IF(COUNTIF(Sheet1!A:A,'SH 2020 - PVCLB - Pro'!B17)>0,1,"")
B18: 100269398 | C18: PARK LINEAL GRIS | E18: 25X44,3 | G18: x | K18: =IF(COUNTIF(Sheet1!A:A,'SH 2020 - PVCLB - Pro'!B18)>0,1,"")
... B33: 100271627 | C33: SHINE ALUMINIO | E33: 25X44,3 | G33: x | K33: =IF(COUNTIF(Sheet1!A:A,'SH 2020 - PVCLB - Pro'!B33)>0,1,"")
A34: SOLS & PLINTHES | B34: 100123819 | C34: RODANO TAUPE | D34: U2SP3E3C2 | E34: 44,3X44,3 | G34: x | K34: =IF(COUNTIF(Sheet1!A:A,'SH 2020 - PVCLB - Pro'!B34)>0,1,"")
B35: 100123818 | C35: RODANO CALIZA | D35: U3P3E3C2 | E35: 44,3X44,3 | G35: x | K35: =IF(COUNTIF(Sheet1!A:A,'SH 2020 - PVCLB - Pro'!B35)>0,1,"")
B36: 100123817 | C36: RODANO ACERO | D36: U3P3E3C2 | E36: 44,3X44,3 | G36: x | K36: =IF(COUNTIF(Sheet1!A:A,'SH 2020 - PVCLB - Pro'!B36)>0,1,"")
B37: 100141846 | C37: ZOC.RODANO TAUPE | D37: plinthes | E37: 10X44,3 | H37: x | K37: =IF(COUNTIF(Sheet1!A:A,'SH 2020 - PVCLB - Pro'!B37)>0,1,"")
B38: 100130259 | C38: ZOC.RODANO CALIZA | D38: plinthes | E38: 10X44,3 | H38: x | K38: =IF(COUNTIF(Sheet1!A:A,'SH 2020 - PVCLB - Pro'!B38)>0,1,"")
B39: 100141845 | C39: ZOC.RODANO ACERO | D39: plinthes | E39: 10X44,3 | H39: x | K39: =IF(COUNTIF(Sheet1!A:A,'SH 2020 - PVCLB - Pro'!B39)>0,1,"")
B40: 100157357 | C40: DOVER CALIZA | D40: U3P3E3C2 | E40: 44,3X44,3 | G40: x | K40: =IF(COUNTIF(Sheet1!A:A,'SH 2020 - PVCLB - Pro'!B40)>0,1,"") -> 1
B41: 100157354 | C41: DOVER ACERO | D41: U3P3E3C2 | E41: 44,3X44,3 | G41: x | K41: =IF(COUNTIF(Sheet1!A:A,'SH 2020 - PVCLB - Pro'!B41)>0,1,"") -> 1
B42: 100159646 | C42: ZOC.DOVER CALIZA | D42: plinthes | E42: 10X44,3 | H42: x | K42: =IF(COUNTIF(Sheet1!A:A,'SH 2020 - PVCLB - Pro'!B42)>0,1,"")
B43: 100159645 | C43: ZOC.DOVER ACERO | D43: plinthes | E43: 10X44,3 | H43: x | K43: =IF(COUNTIF(Sheet1!A:A,'SH 2020 - PVCLB - Pro'!B43)>0,1,"")
B44: 100157370 | C44: PARK GRIS | D44: U2SP3E3C2 | E44: 44,3X44,3 | G44: x | K44: =IF(COUNTIF(Sheet1!A:A,'SH 2020 - PVCLB - Pro'!B44)>0,1,"")
B45: 100219091 | C45: PARK BLANCO | D45: U3P3E3C2 | E45: 44,3X44,3 | G45: x | K45: =IF(COUNTIF(Sheet1!A:A,'SH 2020 - PVCLB - Pro'!B45)>0,1,"")
B46: 100158749 | C46: ZOC. PARK GRIS | D46: plinthes | E46: 10X44,3 | H46: x | K46: =IF(COUNTIF(Sheet1!A:A,'SH 2020 - PVCLB - Pro'!B46)>0,1,"")
B47: 100219158 | C47: ZOC. PARK BLANCO | D47: plinthes | E47: 10X44,3 | H47: x | K47: =IF(COUNTIF(Sheet1!A:A,'SH 2020 - PVCLB - Pro'!B47)>0,1,"")
B48: 100225065 | C48: BOTTEGA CALIZA | E48: 44,3X44,3 | G48: x | K48: =IF(COUNTIF(Sheet1!A:A,'SH 2020 - PVCLB - Pro'!B48)>0,1,"") -> 1
B49: 100236404 | C49: BOTTEGA CALIZA ANT. | D49: Antidérrapant | E49: 44,3X44,3 | G49: x | K49: =IF(COUNTIF(Sheet1!A:A,'SH 2020 - PVCLB - Pro'!B49)>0,1,"") -> 1
B50: 100225055 | C50: BOTTEGA ACERO | E50: 44,3X44,3 | G50: x | K50: =IF(COUNTIF(Sheet1!A:A,'SH 2020 - PVCLB - Pro'!B50)>0,1,"") -> 1
B51: 100236432 | C51: BOTTEGA ACERO ANT. | D51: Antidérrapant | E51: 44,3X44,3 | G51: x | K51: =IF(COUNTIF(Sheet1!A:A,'SH 2020 - PVCLB - Pro'!B51)>0,1,"") -> 1
B52: 100242728 | C52: BOTTEGA WHITE | E52: 44,3X44,3 | G52: x | K52: =IF(COUNTIF(Sheet1!A:A,'SH 2020 - PVCLB - Pro'!B52)>0,1,"") -> 1
B53: 100243138 | C53: ZOC. BOTTEGA ACERO | D53: plinthes | E53: 10X44,3 | H53: x | K53: =IF(COUNTIF(Sheet1!A:A,'SH 2020 - PVCLB - Pro'!B53)>0,1,"")
B54: 100243165 | C54: ZOC. BOTTEGA CALIZA | D54: plinthes | E54: 10X44,3 | H54: x | K54: =IF(COUNTIF(Sheet1!A:A,'SH 2020 - PVCLB - Pro'!B54)>0,1,"")
B55: 100243208 | C55: ZOC. BOTTEGA WHITE | D55: plinthes | E55: 10X44,3 | H55: x | K55: =IF(COUNTIF(Sheet1!A:A,'SH 2020 - PVCLB - Pro'!B55)>0,1,"")
B56: 100146459 | C56: CHAMBORD ACERO | D56: U3P3E3C2 | E56: 44,3X44,3 | G56: x | K56: =IF(COUNTIF(Sheet1!A:A,'SH 2020 - PVCLB - Pro'!B56)>0,1,"") -> 1
B57: 100146491 | C57: CHAMBORD SILVER | D57: U3P3E3C2 | E57: 44,3X44,3 | G57: x | K57: =IF(COUNTIF(Sheet1!A:A,'SH 2020 - PVCLB - Pro'!B57)>0,1,"") -> 1
B58: 100146618 | C58: ZOC.CHAMBORD ACERO | D58: plinthes | E58: 10X44,3 | H58: x | K58: =IF(COUNTIF(Sheet1!A:A,'SH 2020 - PVCLB - Pro'!B58)>0,1,"")
B59: 100146630 | C59: ZOC.CHAMBORD SILVER | D59: plinthes | E59: 10X44,3 | H59: x | K59: =IF(COUNTIF(Sheet1!A:A,'SH 2020 - PVCLB - Pro'!B59)>0,1,"")
B60: 100273420 | C60: NANTES CALIZA | E60: 44,3X44,3 | G60: x | K60: =IF(COUNTIF(Sheet1!A:A,'SH 2020 - PVCLB - Pro'!B60)>0,1,"")
B61: 100273348 | C61: NANTES ACERO | E61: 44,3X44,3 | G61: x | K61: =IF(COUNTIF(Sheet1!A:A,'SH 2020 - PVCLB - Pro'!B61)>0,1,"")
B62: 100273328 | C62: ZOC. NANTES CALIZA | D62: plinthes | E62: 10X44,3 | H62: x | K62: =IF(COUNTIF(Sheet1!A:A,'SH 2020 - PVCLB - Pro'!B62)>0,1,"")
B63: 100273416 | C63: ZOC. NANTES ACERO | D63: plinthes | E63: 10X44,3 | H63: x | K63: =IF(COUNTIF(Sheet1!A:A,'SH 2020 - PVCLB - Pro'!B63)>0,1,"")
B64: 100140439 | C64: CARRARA BLANCO BRILLO | E64: 44,6X44,6 | G64: x | K64: =IF(COUNTIF(Sheet1!A:A,'SH 2020 - PVCLB - Pro'!B64)>0,1,"") -> 1
B65: 100171102 | C65: ZOC.CARRARA BLANCO BRILLO | D65: plinthes | E65: 10X44,3 | H65: x | K65: =IF(COUNTIF(Sheet1!A:A,'SH 2020 - PVCLB - Pro'!B65)>0,1,"")
B66: 100160743 | C66: FERROKER PLATINO | D66: U3P3E3C2 | E66: 44,3X44,3 | G66: x | H66: x | K66: =IF(COUNTIF(Sheet1!A:A,'SH 2020 - PVCLB - Pro'!B66)>0,1,"") -> 1
B67: 100161750 | C67: FERROKER (usage uniquement en sdb) | D67: U2P3E3C2 | E67: 44,3X44,3 | G67: x | K67: =IF(COUNTIF(Sheet1!A:A,'SH 2020 - PVCLB - Pro'!B67)>0,1,"") -> 1
B68: 100162356 | C68: FERROKER ALUMINIO | D68: U2SP3E3C2 | E68: 44,3X44,3 | G68: x | K68: =IF(COUNTIF(Sheet1!A:A,'SH 2020 - PVCLB - Pro'!B68)>0,1,"") -> 1
B69: 100162919 | C69: FERROKER NIQUEL | D69: U2SP3E3C2 | E69: 44,3X44,3 | G69: x | K69: =IF(COUNTIF(Sheet1!A:A,'SH 2020 - PVCLB - Pro'!B69)>0,1,"") -> 1
B70: 100165451 | C70: FERROKER TITANIO | D70: U2SP3E3C2 | E70: 44,3X44,3 | G70: x | K70: =IF(COUNTIF(Sheet1!A:A,'SH 2020 - PVCLB - Pro'!B70)>0,1,"") -> 1
B71: 100121763 | C71: ZOC.FERROKER | D71: plinthes | E71: 10x44,3 | H71: x | K71: =IF(COUNTIF(Sheet1!A:A,'SH 2020 - PVCLB - Pro'!B71)>0,1,"")
B72: 100110237 | C72: ZOC.FERROKER ALUMINIO | D72: plinthes | E72: 10X44,3 | H72: x | K72: =IF(COUNTIF(Sheet1!A:A,'SH 2020 - PVCLB - Pro'!B72)>0,1,"")
B73: 100110238 | C73: ZOC.FERROKER NIQUEL | D73: plinthes | E73: 10X44,3 | H73: x | K73: =IF(COUNTIF(Sheet1!A:A,'SH 2020 - PVCLB - Pro'!B73)>0,1,"")
B74: 100110819 | C74: ZOC.FERROKER PLATINO | D74: plinthes | E74: 10X44,3 | H74: x | K74: =IF(COUNTIF(Sheet1!A:A,'SH 2020 - PVCLB - Pro'!B74)>0,1,"")
B75: 100110820 | C75: ZOC.FERROKER TITANIO | D75: plinthes | E75: 10X44,3 | H75: x | K75: =IF(COUNTIF(Sheet1!A:A,'SH 2020 - PVCLB - Pro'!B75)>0,1,"")
B76: 100242869 | C76: RIVOLI | D76: U3P3E3C2 | E76: 44,3X44,3 | G76: x | K76: =IF(COUNTIF(Sheet1!A:A,'SH 2020 - PVCLB - Pro'!B76)>0,1,"")
B77: 100242921 | C77: ZOC. RIVOLI | D77: plinthe | E77: 10X44,3 | H77: x | K77: =IF(COUNTIF(Sheet1!A:A,'SH 2020 - PVCLB - Pro'!B77)>0,1,"")
K78: =IF(COUNTIF(Sheet1!A:A,'SH 2020 - PVCLB - Pro'!B78)>0,1,"")
K79: =IF(COUNTIF(Sheet1!A:A,'SH 2020 - PVCLB - Pro'!B79)>0,1,"")
K80: =IF(COUNTIF(Sheet1!A:A,'SH 2020 - PVCLB - Pro'!B80)>0,1,"")
K81: =IF(COUNTIF(Sheet1!A:A,'SH 2020 - PVCLB - Pro'!B81)>0,1,"")
K82: =IF(COUNTIF(Sheet1!A:A,'SH 2020 - PVCLB - Pro'!B82)>0,1,"")
A83: SOLS & PLINTHES | B83: 100244950 | C83: URBAN CALIZA NATURE | E83: 44,3X44,3 | G83: x | K83: =IF(COUNTIF(Sheet1!A:A,'SH 2020 - PVCLB - Pro'!B83)>0,1,"")
B84: 100244925 | C84: URBAN NATURAL NATURE | E84: 44,3X44,3 | G84: x | K84: =IF(COUNTIF(Sheet1!A:A,'SH 2020 - PVCLB - Pro'!B84)>0,1,"")
B85: 100244907 | C85: URBAN ACERO NATURE | E85: 44,3X44,3 | G85: x | K85: =IF(COUNTIF(Sheet1!A:A,'SH 2020 - PVCLB - Pro'!B85)>0,1,"")
B86: 100253776 | C86: ZOC. URBAN CALIZA NATURE | D86: plinthe | E86: 10X44,3 | H86: x | K86: =IF(COUNTIF(Sheet1!A:A,'SH 2020 - PVCLB - Pro'!B86)>0,1,"")
B87: 100253758 | C87: ZOC. URBAN NATURAL NATURE | D87: plinthe | E87: 10X44,3 | H87: x | K87: =IF(COUNTIF(Sheet1!A:A,'SH 2020 - PVCLB - Pro'!B87)>0,1,"")
B88: 100253804 | C88: ZOC. URBAN ACERO NATURE | D88: plinthe | E88: 10X44,3 | H88: x | K88: =IF(COUNTIF(Sheet1!A:A,'SH 2020 - PVCLB - Pro'!B88)>0,1,"")
B89: 100162349 | C89: RHIN NATURAL | D89: U2SP3E3C2 | E89: 44,3X44,3 | G89: x | K89: =IF(COUNTIF(Sheet1!A:A,'SH 2020 - PVCLB - Pro'!B89)>0,1,"")
B90: 100162366 | C90: RHIN IVORY | D90: U3P3E3C2 | E90: 44,3X44,3 | K90: =IF(COUNTIF(Sheet1!A:A,'SH 2020 - PVCLB - Pro'!B90)>0,1,"")
B91: 100162380 | C91: RHIN TAUPE (usage uniquement en sdb) | D91: U2P3E3C2 | E91: 44,3X44,3 | K91: =IF(COUNTIF(Sheet1!A:A,'SH 2020 - PVCLB - Pro'!B91)>0,1,"")
B92: 100141935 | C92: ZOCALO RHIN TAUPE | D92: plinthe | E92: 10X44,3 | H92: x | K92: =IF(COUNTIF(Sheet1!A:A,'SH 2020 - PVCLB - Pro'!B92)>0,1,"")
B93: 100141934 | C93: ZOCALO RHIN NATURAL | D93: plinthe | E93: 10X44,3 | H93: x | K93: =IF(COUNTIF(Sheet1!A:A,'SH 2020 - PVCLB - Pro'!B93)>0,1,"")
B94: 100141933 | C94: ZOCALO RHIN IVORY | D94: plinthe | E94: 10X44,3 | H94: x | K94: =IF(COUNTIF(Sheet1!A:A,'SH 2020 - PVCLB - Pro'!B94)>0,1,"")
B95: 100157853 | C95: NEWPORT BEIGE | D95: U3P3E3C2 | E95: 44,3X44,3 | G95: x | K95: =IF(COUNTIF(Sheet1!A:A,'SH 2020 - PVCLB - Pro'!B95)>0,1,"") -> 1
B96: 100157854 | C96: NEWPORT NATURAL | D96: U2SP3E3C2 | E96: 44,3X44,3 | G96: x | K96: =IF(COUNTIF(Sheet1!A:A,'SH 2020 - PVCLB - Pro'!B96)>0,1,"") -> 1
B97: 100173595 | C97: NEWPORT WHITE | D97: U3P3E3C2 | E97: 44,3X44,3 | G97: x | K97: =IF(COUNTIF(Sheet1!A:A,'SH 2020 - PVCLB - Pro'!B97)>0,1,"")
B98: 100215407 | C98: NEWPORT NATURAL C-3 | D98: Antidérrapant | E98: 44,3X44,3 | G98: x | K98: =IF(COUNTIF(Sheet1!A:A,'SH 2020 - PVCLB - Pro'!B98)>0,1,"") -> 1
B99: 100158461 | C99: ZOC.NEWPORT BEIGE | D99: plinthe | E99: 10X44,3 | H99: x | K99: =IF(COUNTIF(Sheet1!A:A,'SH 2020 - PVCLB - Pro'!B99)>0,1,"")
B100: 100158462 | C100: ZOC.NEWPORT NATURAL | D100: plinthe | E100: 10X44,3 | H100: x | K100: =IF(COUNTIF(Sheet1!A:A,'SH 2020 - PVCLB - Pro'!B100)>0,1,"")
B101: 100174117 | C101: ZOC. NEWPORT WHITE | D101: plinthe | E101: 10X44,3 | H101: x | K101: =IF(COUNTIF(Sheet1!A:A,'SH 2020 - PVCLB - Pro'!B101)>0,1,"")
B102: 100242874 | C102: METROPOLITAN NATURE ANTRACITA | E102: 44,3X44,3 | G102: x | K102: =IF(COUNTIF(Sheet1!A:A,'SH 2020 - PVCLB - Pro'!B102)>0,1,"") -> 1
B103: 100242875 | C103: METROPOLITAN NATURE CALIZA | E103: 44,3X44,3 | G103: x | K103: =IF(COUNTIF(Sheet1!A:A,'SH 2020 - PVCLB - Pro'!B103)>0,1,"") -> 1
B104: 100242913 | C104: ZOC. METROPOLITAN NATURE ANTRACITA | D104: plinthe | E104: 10X44,3 | H104: x | K104: =IF(COUNTIF(Sheet1!A:A,'SH 2020 - PVCLB - Pro'!B104)>0,1,"")
B105: 100242914 | C105: ZOC. METROPOLITAN NATURE CALIZA | D105: plinthe | E105: 10X44,3 | H105: x | K105: =IF(COUNTIF(Sheet1!A:A,'SH 2020 - PVCLB - Pro'!B105)>0,1,"")
B106: 100216252 | C106: MIRAGE DARK (usage uniquement en sdb) | D106: U2P3E3C2 | E106: 44,3X44,3 | G106: x | K106: =IF(COUNTIF(Sheet1!A:A,'SH 2020 - PVCLB - Pro'!B106)>0,1,"") -> 1
B107: 100216261 | C107: MIRAGE SILVER | D107: U3P3E3C2 | E107: 44,3X44,3 | G107: x | K107: =IF(COUNTIF(Sheet1!A:A,'SH 2020 - PVCLB - Pro'!B107)>0,1,"") -> 1
B108: 100221527 | C108: ZOCALO MIRAGE DARK | D108: plinthe | E108: 10X44,3 | H108: x | K108: =IF(COUNTIF(Sheet1!A:A,'SH 2020 - PVCLB - Pro'!B108)>0,1,"")
B109: 100221529 | C109: ZOCALO MIRAGE SILVER | D109: plinthe | E109: 10X44,3 | H109: x | K109: =IF(COUNTIF(Sheet1!A:A,'SH 2020 - PVCLB - Pro'!B109)>0,1,"")
B110: 100193655 | C110: STREET BLACK NATURE | D110: U4P4+E3C2 | E110: 43,5x43,5 | F110: rectifié | G110: x | K110: =IF(COUNTIF(Sheet1!A:A,'SH 2020 - PVCLB - Pro'!B110)>0,1,"")
B111: 100213236 | C111: STREET BLACK ANTISLIP | D111: U4P4+E3C2 | E111: 43,5x43,5 | F111: rectifié | G111: x | K111: =IF(COUNTIF(Sheet1!A:A,'SH 2020 - PVCLB - Pro'!B111)>0,1,"")
B112: 100208191 | C112: STREET BEIGE NATURE | D112: U4P4+E3C2 | E112: 43,5x43,5 | F112: rectifié | G112: x | K112: =IF(COUNTIF(Sheet1!A:A,'SH 2020 - PVCLB - Pro'!B112)>0,1,"")
B113: 100213159 | C113: STREET BEIGE ANTISLIP | D113: U4P4+E3C2 | E113: 43,5x43,5 | F113: rectifié | G113: x | K113: =IF(COUNTIF(Sheet1!A:A,'SH 2020 - PVCLB - Pro'!B113)>0,1,"")
B114: 100193656 | C114: STREET CALIZA NATURE | D114: U4P4+E3C2 | E114: 43,5x43,5 | F114: rectifié | G114: x | K114: =IF(COUNTIF(Sheet1!A:A,'SH 2020 - PVCLB - Pro'!B114)>0,1,"")
B115: 100213219 | C115: STREET CALIZA ANTISLIP | D115: U4P4+E3C2 | E115: 43,5x43,5 | F115: rectifié | G115: x | K115: =IF(COUNTIF(Sheet1!A:A,'SH 2020 - PVCLB - Pro'!B115)>0,1,"")
B116: 100193657 | C116: STREET COAL NATURE | D116: U4P4+E3C2 | E116: 43,5x43,5 | F116: rectifié | G116: x | K116: =IF(COUNTIF(Sheet1!A:A,'SH 2020 - PVCLB - Pro'!B116)>0,1,"")
B117: 100213224 | C117: STREET COAL ANTISLIP | D117: U4P4+E3C2 | E117: 43,5x43,5 | F117: rectifié | G117: x | K117: =IF(COUNTIF(Sheet1!A:A,'SH 2020 - PVCLB - Pro'!B117)>0,1,"")
...
